 Dungeon Crawl Stone Soup version 0.31-a0-325-g067879e3d3 (webtiles) character file.

Game seed: 12646563209774332075

2 AdnanSaban the Trooper (level 1, 0/14 HPs)
             Began as a Gargoyle Fighter on July 18, 2023.
             Slain by a ball python (2 damage)
             ... on level 2 of the Dungeon.
             The game lasted 00:00:22 (88 turns).

AdnanSaban the Trooper (Gargoyle Fighter)             Turns: 88, Time: 00:00:23

Health: 0/14       AC:  9    Str: 19    XL:     1   Next: 40%
Magic:  1/1        EV:  6    Int:  8    God:
Gold:   0          SH:  4    Dex:  9    Spells: 0/0 levels left

rFire   . . .        a - +0 flail
rCold   . . .        c - +0 buckler
rNeg    + . .        b - +0 scale mail
rPois   ∞            (no helmet)
rElec   +            (no cloak)
rCorr   .            (no gloves)
SInv    .            (no boots)
Will    .....        (no amulet) Stlth
                     (no ring)
HPRegen 0.22/turn    (no ring)
MPRegen 0.07/turn

%: no passive effects
@: constricted
A: sickness immunity, AC +2, negative energy resistance 1, electricity
resistance, torment resistance 1, petrification resistance
a: no special abilities


You were on level 2 of the Dungeon.
You visited 1 branch of the dungeon, and saw 2 of its levels.

Inventory:

Hand Weapons
 a - a +0 flail (weapon)
Armour
 b - a +0 scale mail (worn)
 c - a +0 buckler (worn)
Potions
 d - a potion of might


   Skills:
 + Level 3.3 Fighting
 + Level 2.0 Maces & Flails
 + Level 3.3 Armour
 + Level 3.3 Shields


You couldn't memorise any spells.
You didn't know any spells.
Your spell library was empty.

Dungeon Overview and Level Annotations

Branches:
Dungeon (2/15)

Altars:


Innate Abilities, Weirdness & Mutations

You are immune to sickness and miasma.
Your stone body is resilient. (AC +2)
You are immune to poison.
You resist negative energy. (rN+)
You are resistant to electric shocks. (rElec)
You are resistant to unholy torment.
You are immune to petrification.


Message History

The ball python bites you.
* * * LOW HITPOINT WARNING * * *
You block the ball python's attack.
The jackal bites you but does no damage.
The ball python bites you.
* * * LOW HITPOINT WARNING * * *
The ball python grabs you. The ball python constricts you.
There is a stone staircase leading down here.
You escape the ball python's grasp.
The jackal barely misses you. x2
The jackal bites you but does no damage.
The jackal closely misses you.
You climb downwards.
There is a stone staircase leading up here.
You barely miss the jackal. The ball python misses you. x2
The jackal bites you but does no damage.
You block the ball python's attack. The ball python grabs you.
The ball python constricts you. You block the jackal's attack.
You barely miss the jackal. The ball python barely misses you.
The ball python constricts you.
The jackal bites you but does no damage.
You hit the jackal.
The jackal is lightly wounded.
The jackal bites you but does no damage.
The ball python barely misses you. The ball python constricts you.
The jackal barely misses you.
The ball python bites you but does no damage.
The ball python constricts you.
You barely miss the jackal.
The jackal is lightly wounded.
The jackal bites you but does no damage.
The ball python bites you but does no damage.
The ball python constricts you. You block the jackal's attack.
The ball python bites you but does no damage.
The ball python constricts you.
* * * LOW HITPOINT WARNING * * *
You hit the jackal.
The jackal is almost dead.
The jackal bites you but does no damage.
The ball python bites you.
You die...

###
.....##########
#..h@Sh....#
#.########.#
#### #.##....#
#......#
####(.## ..+ ##


You could see 2 jackals and a ball python.

Vanquished Creatures
  A jackal (D:1)
  A quokka (D:1)
2 creatures vanquished.

Notes
Turn   | Place    | Note
-------+----------+-------------------------------------------
     0 | D:1      | AdnanSaban the Gargoyle Fighter began the quest for the
                  | Orb.
     0 | D:1      | Reached XP level 1. HP: 14/14 MP: 1/1
    53 | D:1      | You fall into a shaft and drop 1 floor!
    88 | D:2      | Slain by a ball python

Illustrated notes

Levels and vault maps discovered:
D:1:      tarquinn_simple_flora_water_d, layout_rooms, minmay_tromino_v4_c
D:2:      layout_loops_ring, basic_altar, grunt_ministairs_7, uniq_terence

Action                     || total
---------------------------++-------
  Melee: Flail             ||    38
 Armour: Scale mail        ||    64
  Dodge: Dodged            ||    52
  Block: Buckler           ||    12

Table legend: (Time is in decaauts)
 A = Elapsed time spent in this place.
 B = Non-inter-level travel time spent in this place.
 C = Inter-level travel time spent in this place.
 D = Time resting spent in this place.
 E = Time spent auto-exploring this place.
 F = Levels seen in this place.
 G = Mean time per level.
                   A        B        C        D        E       F      G
               +--------+--------+--------+--------+--------+-----+--------+
         Total |    100 |    100 |      0 |      0 |     29 |   2 |   50.0 |
       Dungeon |    100 |    100 |      0 |      0 |     29 |   2 |   50.0 |
               +--------+--------+--------+--------+--------+-----+--------+

Top non-repeatable levels by time:
     D:1: 81 daAuts
     D:2: 18 daAuts
